 Dungeon Sprint DCSS version 0.24-a0-244-ga6a6ab7 (webtiles) character file.

Game seed: 6982772101171467919

4843 MikeHunt the Martial Artist (level 10, -4/97 HPs)
             Began as a Red Draconian Monk on Apr 10, 2019.
             Was the Champion of Wu Jian.
             Killed from afar by Sigmund (25 damage)
             ... with a bolt of fire
             ... in the Dungeon (Sprint III: "The Ten Rune Challenge").
             The game lasted 00:14:38 (2144 turns).

MikeHunt the Martial Artist (Red Draconian Monk)    Turns: 2144, Time: 00:14:38

Health: -4/97      AC:  7    Str: 14    XL:     10   Next: 25%
Magic:  16/16      EV: 20    Int:  8    God:    Wu Jian [******]
Gold:   2456       SH:  0    Dex: 17    Spells: 9/9 levels left

rFire    + . .     SeeInvis .     - Unarmed
rCold    . . .     Gourm    .   (no shield)
rNeg     . . .     Faith    .   (armour unavailable)
rPois    .         Spirit   .   (helmet restricted)
rElec    .         Reflect  .   (no cloak)
rCorr    .         Harm     .   (no gloves)
MR       .....     NoTele   +   (no boots)
Stlth    +++++++++.             (no amulet)
HPRegen  0.26/turn              f - ring of Shadows {Umbra +Inv Stlth+}
MPRegen  0.15/turn              h - ring of stealth

@: flying, slightly contaminated, wreathed by umbra, serpent's lash
A: breathe fire, unfitting armour, big wings, dopey 1, fire resistance 1, sense
surroundings 1, evolution 1, cold-blooded, AC +7
a: Breathe Fire, Stop Flying, Wall Jump, Serpent's Lash, Heavenly Storm,
Renounce Religion, Evoke Invisibility


You were in the Dungeon.
You worshipped Wu Jian.
Wu Jian was exalted by your worship.
You were hungry.

You visited 1 branch You collected 3308 gold pieces.
You spent 852 gold pieces at shops.

Inventory:

Jewellery
 f - the ring of Shadows (left hand) {Umbra +Inv Stlth+}
   (You bought it in a shop in the Dungeon)

   [ring of stealth]

   It lets you turn invisible.
   It makes you more stealthy.
 h - a ring of stealth (right hand)
 n - an uncursed ring of poison resistance
Scrolls
 g - a scroll of blinking
 i - a scroll of holy word {unknown}
 j - 2 scrolls of identify
 k - 2 scrolls of remove curse {unknown}
 m - a scroll of immolation {unknown}
Potions
 d - 3 potions of haste
 e - 2 potions of magic
 l - 3 potions of flight
Comestibles
 a - 3 rations


   Skills:
 - Level 12.0 Fighting
 - Level 11.1 Dodging
 + Level 10.7 Stealth
 - Level 13.2 Unarmed Combat
 + Level 8.2 Evocations


You had 9 spell levels left.
You didn't know any spells.
Your spell library contained the following spells:

 Spells                   Type           Power        Failure   Level  Hunger
 Confusing Touch          Hex            #.....       41%         1    ##.....
 Magic Dart               Conj           #...         41%         1    ##.....
 Blink                    Tloc           N/A          54%         2    ###....
 Call Imp                 Summ           #.......     54%         2    ###....
 Slow                     Hex            #.......     54%         2    ###....
 Confuse                  Hex            #.......     78%         3    ####...
 Conjure Flame            Conj/Fire      #.......     78%         3    ####...
 Gell's Gravitas          Tloc           #.........   78%         3    ####...
 Mephitic Cloud           Conj/Pois/Air  #.......     78%         3    ####...
 Petrify                  Tmut/Erth      #.......     99%         4    #####..
 Metabolic Englaciation   Hex/Ice        #.........   100%        5    ######.
 Yara's Violent Unravell  Hex/Tmut       #.........   100%        5    ######.


Dungeon Overview and Level Annotations

Branches:
Dungeon (1/1)

Altars:
Cheibriados
Dithmenos
Elyvilon
Fedhas
Gozag
Hepliaklqana
Kikubaaqudgha
Makhleb
Nemelex Xobeh
Okawaru
Qazlal
Ru
Sif Muna
Trog
Uskayaw
Vehumet
Wu Jian
Xom
Yredelemnul
Zin
The Shining One
Beogh
Jiyva
Lugonu

Shops:
D =

Annotations:
D Sigmund


Innate Abilities, Weirdness & Mutations

You can breathe blasts of fire.
Your fiery red scales are hard. (AC +7)
You cannot fit into any form of body armour.
Your flesh is heat resistant. (rF+)
You are cold-blooded and may be slowed by cold attacks.
Your large and strong wings let you fly indefinitely.
You are dopey. (Int -2)
You passively map a small area around you.
You evolve.


Message History

You reach down and close the door.
Something unseen opens the door.
You flicker back into view.
You hear some strange, mumbled words.
An orb of energy appears from out of thin air!
The orb of energy hits you!!
* * * LOW HITPOINT WARNING * * *
The orb of energy explodes!
You aren't carrying any items that you can evoke.
Unknown command.
Okay, then.
Okay, then.
You feel better.
Your muscles tense, ready for explosive movement...
You closely miss something. Something hits you but does no damage.
You barely miss something. You closely miss something.
You hear some strange, mumbled words.
A bolt of fire appears from out of thin air!
The bolt of fire hits you!! You resist.
You die...

.......#....#.##∩##.+...# , ,
######'#..#..#.#.# ###### ** **
#__#...#)########################
#__#...#.)..#.#.#.....#......+yyy
#__#..)##)#.)#.##.###)#^.....# ,
#__#..))##)#.#.##.#).##...^..#,,
#__+..)#..)#.)#..##..'....^..# ,
▓▓▓▓▓▓▓▓▓▓▓▓▓▓▓▓▓▓▓▓▓#...^^..# ,
*♣≈≈≈........≈@{...#..^...^#,
**+♣≈≈≈≈≈≈≈≈≈≈°≈♣♣P.'(..^^..# * ≈
♣♣♣♣♣♣♣♣♣♣♣♣♣♣♣PP#(...^..# ,
♣♣♣##)######* * * * ** * ...+ ≈ ,
* ≈ ≈ ,* #...#, ≈ , * ≈ , #...#,*
,** +##### ≈


There were no monsters in sight!

Vanquished Creatures
  Erolcha (D)
  An orc high priest (D)
  A deep elf mage (D)
  Edmund (D)
  3 wandering mushrooms (D)
  2 redbacks (D)
  A shadow (D)
  A spatial vortex (D)
  2 orc warriors (D)
  A necrophage (D)
  5 two-headed ogres (D)
  A water elemental (D)
  A jelly (D)
  Jessica (D)
  A wizard (D)
  A necromancer (D)
  4 orc wizards (D)
  3 humans (D)
  A kobold demonologist (D)
  A wolf (D)
  An ooze (D)
  11 orcs (D)
  2 rats (D)
47 creatures vanquished.

Vanquished Creatures (others)
  2 draconian scorchers (D)
  6 hellions (D)
  3 yaktaurs (D)
  2 plants (D)
13 creatures vanquished.

Grand Total: 60 creatures vanquished

Notes
Turn   | Place    | Note
-------+----------+-------------------------------------------
     0 | D        | MikeHunt the Draconian Monk began the quest for the Orb.
     0 | D        | Reached XP level 1. HP: 19/19 MP: 1/1
    39 | D        | Killed a yaktaur
    40 | D        | Noticed Jessica
    50 | D        | Killed Jessica
    50 | D        | Reached skill level 5 in Unarmed Combat
    50 | D        | Reached XP level 2. HP: 11/26 MP: 2/2
    50 | D        | Reached XP level 3. HP: 13/31 MP: 3/3
    85 | D        | Killed a hellion
   108 | D        | Killed a hellion
   111 | D        | Killed a yaktaur
   136 | D        | Killed a hellion
   137 | D        | Killed a hellion
   138 | D        | Killed a hellion
   150 | D        | Killed a white draconian scorcher
   152 | D        | Killed a hellion
   160 | D        | Reached skill level 5 in Dodging
   165 | D        | Reached skill level 6 in Unarmed Combat
   167 | D        | Killed a white draconian scorcher
   400 | D        | Gained mutation: You occasionally shout uncontrollably at
                  | your foes. [potion of mutation]
   400 | D        | Gained mutation: Your spells are a little harder to cast,
                  | but a little more powerful. [potion of mutation]
   400 | D        | Gained mutation: You are robust. (+10% HP) [potion of
                  | mutation]
   401 | D        | Lost mutation: You are robust. (+10% HP) [potion of
                  | mutation]
   401 | D        | Lost mutation: You occasionally shout uncontrollably at
                  | your foes. [potion of mutation]
   401 | D        | Lost mutation: Your spells are a little harder to cast, but
                  | a little more powerful. [potion of mutation]
   401 | D        | Gained mutation: You passively map a small area around you.
                  | [potion of mutation]
   401 | D        | Gained mutation: You evolve. [potion of mutation]
   401 | D        | Gained mutation: You are dopey. (Int -2) [potion of
                  | mutation]
   401 | D        | Gained mutation: Your large and strong wings let you fly
                  | indefinitely. [potion of mutation]
   459 | D        | Noticed a water elemental
   469 | D        | Killed a water elemental
   469 | D        | Reached skill level 7 in Unarmed Combat
   469 | D        | Reached XP level 4. HP: 30/38 MP: 4/4
   614 | D        | Found a glowing silver altar of Zin.
   615 | D        | Found a glowing golden altar of the Shining One.
   615 | D        | Found a white marble altar of Elyvilon.
   615 | D        | Noticed a deep elf mage
   620 | D        | Found a hide-covered altar of Uskayaw.
   620 | D        | Found a roughly hewn altar of Beogh.
   620 | D        | Found an iron altar of Okawaru.
   620 | D        | Found a bloodstained altar of Trog.
   620 | D        | Found an ornate altar of the Wu Jian Council.
   620 | D        | Noticed a human
   620 | D        | Noticed a human
   682 | D        | Killed a human
   682 | D        | Reached skill level 9 in Unarmed Combat
   682 | D        | Reached XP level 5. HP: 23/45 MP: 5/5
   878 | D        | Killed a human
   878 | D        | Reached skill level 10 in Unarmed Combat
   878 | D        | Reached XP level 6. HP: 9/51 MP: 6/6
  1098 | D        | Became a worshipper of the Wu Jian Council
  1098 | D        | Reached * piety under Wu Jian
  1098 | D        | Reached ** piety under Wu Jian
  1105 | D        | Found a basalt altar of Yredelemnul.
  1105 | D        | Found a shadowy altar of Dithmenos.
  1105 | D        | Found a sacrificial altar of Ru.
  1112 | D        | Reached skill level 10 in Dodging
  1141 | D        | Killed a deep elf mage
  1141 | D        | Reached skill level 12 in Unarmed Combat
  1141 | D        | Your scales start taking on a fiery red colour.
  1141 | D        | Reached XP level 7. HP: 64/66 MP: 7/7
  1141 | D        | Gained mutation: Your flesh is heat resistant. (rF+) [Red
                  | Draconian growth]
  1150 | D        | Found a radiant altar of Vehumet.
  1150 | D        | Found a deep blue altar of Sif Muna.
  1150 | D        | Found an ancient bone altar of Kikubaaqudgha.
  1154 | D        | Reached *** piety under Wu Jian
  1175 | D        | Noticed a shadow
  1183 | D        | Killed a shadow
  1183 | D        | Reached XP level 8. HP: 60/75 MP: 8/8
  1235 | D        | Found a blossoming altar of Fedhas.
  1235 | D        | Found a stormy altar of Qazlal.
  1235 | D        | Found a snail-covered altar of Cheibriados.
  1235 | D        | Found a burning altar of Makhleb.
  1235 | D        | Found a shimmering altar of Xom.
  1236 | D        | Found a hazy altar of Hepliaklqana.
  1236 | D        | Found an opulent altar of Gozag.
  1236 | D        | Found a sparkling altar of Nemelex Xobeh.
  1236 | D        | Found a corrupted altar of Lugonu.
  1236 | D        | Found a viscous altar of Jiyva.
  1242 | D        | Reached **** piety under Wu Jian
  1262 | D        | Reached skill level 5 in Stealth
  1278 | D        | Reached skill level 10 in Fighting
  1286 | D        | Noticed a two-headed ogre
  1302 | D        | Killed a two-headed ogre
  1400 | D        | Noticed a two-headed ogre
  1400 | D        | Noticed Erolcha
  1416 | D        | Noticed an orc high priest
  1440 | D        | Reached ***** piety under Wu Jian
  1461 | D        | Reached XP level 9. HP: 71/89 MP: 9/9
  1464 | D        | Noticed an orange demon
  1471 | D        | Killed an orc high priest
  1471 | D        | Reached skill level 13 in Unarmed Combat
  1585 | D        | Reached ****** piety under Wu Jian
  1619 | D        | Found Tonn's Jewellery Shoppe.
  1627 | D        | Killed a yaktaur
  1649 | D        | Bought the ring of Shadows {Umbra +Inv Stlth+} for 440 gold
                  | pieces
  1649 | D        | Found the ring of Shadows {Umbra +Inv Stlth+}
  1649 | D        | Bought an uncursed ring of stealth for 192 gold pieces
  1649 | D        | Bought an uncursed ring of poison resistance for 220 gold
                  | pieces
  1655 | D        | Noticed a deep elf knight
  1655 | D        | Noticed a deep elf mage
  1655 | D        | Noticed a deep elf mage
  1655 | D        | Noticed a deep elf mage
  1655 | D        | Noticed a deep elf mage
  1686 | D        | Killed Erolcha
  1694 | D        | Killed a two-headed ogre
  1694 | D        | Reached skill level 5 in Evocations
  1816 | D        | Reached XP level 10. HP: 74/97 MP: 14/14
  2064 | D        | Reached skill level 10 in Stealth
  2088 | D        | Noticed Edmund
  2089 | D        | Noticed Sigmund
  2118 | D        | Killed Edmund
  2144 | D        | Killed from afar by Sigmund

Levels and vault maps discovered:
D:        dungeon_sprint_mu [sprint_mu_entry_cave, sprint_mu_temple_rooms,
          sprint_mu_d1_spiders, sprint_mu_d2_genie, sprint_mu_d3_branching,
          sprint_mu_orc_legion, sprint_mu_elf_gauntlet, sprint_mu_hive_nellie,
          sprint_mu_lair_fedhas, sprint_mu_vaults_butterflies,
          sprint_mu_slime_circle, sprint_mu_swamp_cave, sprint_mu_shoals_archi,
          sprint_mu_blade_basic, sprint_mu_crypt_chambers,
          sprint_mu_tomb_spiral, sprint_mu_vestibule_basic,
          sprint_mu_gehenna_hellfire, sprint_mu_dis_giant,
          sprint_mu_tartarus_statrot, sprint_mu_cocytus_islands, sprint_mu_zot1]

Skill      XL: |  1  2  3  4  5  6  7  8  9 10 |
---------------+-------------------------------+-----
Dodging        | 4 6 8 9 10 11 | 11.1
Unarmed Combat | 5 7 9 10 12 13 | 13.2
Fighting       | 7 8 11 12 | 12.0
Stealth        | 3 6 9 10 | 10.7
Evocations     | 6 8 |  8.2

Action                   |  1- 3 |  4- 6 |  7- 9 | 10-12 || total
-------------------------+-------+-------+-------+-------++-------
Melee: Unarmed           |    33 |    63 |   132 |    27 ||   255
       Tailslap          |     7 |     8 |    13 |     6 ||    34
       Punch             |     1 |     2 |     9 |     2 ||    14
Invok: Whirlwind         |       |    15 |    31 |     1 ||    47
       Lunge             |       |     2 |     3 |     3 ||     8
       Serpent's Lash    |       |       |     3 |     1 ||     4
 Abil: Fly               |     1 |       |       |       ||     1
       Breathe Fire      |       |       |     1 |     1 ||     2
       Evoke Invisibilit |       |       |       |     1 ||     1
  Use: Potion            |     4 |     2 |       |     1 ||     7
       Scroll            |     2 |       |       |       ||     2
 Stab: Sleeping          |     2 |       |     5 |     1 ||     8
       Invisible         |       |       |       |     2 ||     2
  Eat: Chunk             |       |     1 |       |       ||     1
       Ration            |       |       |     1 |       ||     1
Armor: Skin              |     2 |     3 |    11 |     5 ||    21
Dodge: Dodged            |    19 |    25 |    75 |    14 ||   133

Table legend:
 A = Non-vault XP
 B = Vault XP
 C = Vault XP percentage of total XP
 D = Non-vault monster count
 E = Vault monster count
 F = Vault count percentage of total count
                 A         B        C        D         E       F
            +---------+---------+-------+---------+---------+-------
      Total |       0 |    6919 | 100.0 |       0 |      47 | 100.0
            +---------+---------+-------+---------+---------+-------
          D |       0 |    6919 | 100.0 |       0 |      47 | 100.0
            +---------+---------+-------+---------+---------+-------
